Map: Nightshade LE

Players

GOReynor (Reynor) - Winner!

  • Race: Zerg Zerg
  • League: Master
  • Spawn Location: 5:00

MarineLorD

  • Race: Terran Terran
  • League: Master
  • Spawn Location: 11:00

Event: NationWars 2019

VOD

Have the link to the VOD?

Description

Time

  • Played on: Dec. 8, 2019, 12:08 p.m.
  • Length: 13:41
Show
View Real Time Build Order
Export as new Build Order

GOReynor Zerg - Winner!

Build Orders: Hatch First, Swarm Host 

Get SALT Encoding   

  12  0:00  Drone  
  13  0:12  Overlord  
  13  0:16  Drone  
  14  0:30  Drone x2  
  16  0:47  Hatchery  
  15  0:50  Drone  
  15  0:54  Drone  
  17  0:57  Drone  
  18  1:08  Extractor  
  17  1:13  Spawning Pool  
  17  1:15  Drone  
  17  1:19  Drone  
  18  1:28  Drone  
  19  2:00  Spine Crawler, Zergling x6  
  19  2:01  Zergling x2  
  22  2:06  Queen  
  24  2:12  Zergling x2  
  24  2:15  Zergling x2  
  25  2:29  Drone  
  24  2:36  Zergling x2  
  24  2:41  Zergling x4  
  24  2:48  Zergling x4  
  25  2:53  Zergling x2  
  25  2:56  Zergling x2  
  26  3:04  Zergling x2  
  26  3:05  Zergling x2  
  27  3:11  Extractor  
  26  3:14  Zergling x2  
  26  3:20  Zergling x2  
  26  3:25  Drone  
  25  3:27  Drone  
  24  3:35  Queen  
  24  3:39  Drone  
  27  3:42  Drone  
  28  3:50  Overlord  
  28  3:54  Drone  
  27  4:08  Drone x3  
  27  4:09  Drone  
  31  4:23  Hatchery  
  30  4:24  Drone  
  30  4:29  Metabolic Boost  
  30  4:31  Drone  
  32  4:37  Queen  
  34  4:41  Overlord  
  34  4:45  Drone  
  35  4:46  Drone  
  36  5:00  Zergling x4  
  36  5:02  Drone x4  
  36  5:04  Queen  
  44  5:08  Overlord  
  44  5:16  Overlord  
  44  5:28  Zergling x6  
  47  5:29  Zergling x4  
  47  5:34  Drone x3  
  47  5:35  Queen  
  52  5:37  Drone  
  52  5:38  Drone  
  56  5:48  Drone x3  
  59  5:50  Drone x2  
  59  5:51  Spore Crawler  
  59  5:54  Overlord  
  60  6:03  Zergling x6  
  60  6:08  Drone x3  
  61  6:12  Spore Crawler  
  61  6:17  Drone x3  
  64  6:18  Drone, Queen  
  64  6:20  Drone  
  67  6:26  Zergling x2  
  67  6:29  Overlord  
  67  6:30  Drone x4  
  72  6:37  Drone  
  72  6:38  Lair  
  73  6:43  Roach Warren  
  73  6:44  Spore Crawler, Queen  
  73  6:46  Overlord  
  73  6:48  Drone, Extractor  
  73  6:49  Drone  
  73  6:51  Drone x2  
  73  6:53  Drone  
  77  6:56  Drone x3  
  77  7:00  Drone  
  81  7:01  Overlord  
  81  7:09  Queen  
  81  7:12  Zergling x4  
  81  7:13  Drone  
  81  7:14  Drone x2  
  88  7:16  Drone, Extractor  
  88  7:18  Extractor, Overlord  
  88  7:20  Pneumatized Carapace  
  86  7:36  Drone x7  
  89  7:37  Drone  
  89  7:38  Drone x2  
  89  7:39  Extractor, Queen  
  89  7:40  Extractor  
  89  7:42  Glial Reconstitution  
  89  7:44  Queen  
  89  7:45  Overlord  
  89  7:46  Evolution Chamber  
  89  7:51  Drone x2  
  92  7:52  Drone x2  
  92  7:55  Spore Crawler, Drone  
  92  7:57  Overlord  
  94  7:58  Infestation Pit  
  94  8:02  Queen  
  94  8:05  Drone x3  
  98  8:10  Overlord  
  98  8:12  Zerg Missile Weapons Level 1  
  98  8:21  Queen  
  100  8:31  Hatchery  
  100  8:32  Overlord  
  100  8:33  Swarm Host  
  100  8:34  Swarm Host x6  
  99  8:41  Overlord  
  120  8:42  Queen  
  120  8:47  Overlord  
  122  8:50  Queen  
  122  8:51  Roach x3  
  122  8:53  Overlord  
  130  8:57  Overlord x2  
  130  8:59  Swarm Host x2  
  136  9:05  Roach x5  
  146  9:13  Roach x5  
  146  9:14  Roach  
  142  9:19  Queen  
  140  9:24  Queen  
  140  9:28  Roach x5  
  150  9:35  Queen  
  148  9:45  Overlord  
  148  9:46  Roach x2  
  148  9:47  Roach x3  
  158  9:55  Ravager x2, Queen  
  158  9:56  Ravager x4  
  158  9:57  Roach x5  
  174  10:01  Ravager  
  175  10:09  Roach x4  
  183  10:18  Roach x2  
  183  10:19  Roach x4  
  183  10:21  Queen  
  183  10:22  Roach x3  
  183  10:25  Queen  
  180  10:28  Roach x2  
  180  10:33  Roach x2  
  180  10:34  Queen  
  175  10:40  Roach x2  
  175  10:41  Roach  
  176  10:43  Roach  
  176  10:44  Roach  
  176  10:52  Spire  
  176  10:54  Drone x2  
  176  10:55  Drone x3  
  168  11:04  Queen  
  168  11:06  Drone x3  
  168  11:07  Extractor  
  168  11:08  Extractor  
  167  11:13  Queen  
  167  11:23  Overlord  
  167  11:26  Drone x3  
  167  11:28  Spore Crawler, Queen  
  167  11:29  Spore Crawler  
  167  11:31  Drone x3  
  173  11:34  Spore Crawler  
  173  11:37  Queen  
  174  11:45  Overlord  
  168  12:05  Corruptor  
  168  12:06  Corruptor x9  
  186  12:16  Corruptor x3  
  184  12:25  Roach x7  
  184  12:28  Ravager  
  184  12:29  Ravager  
  200  12:30  Overlord x2  
  200  12:33  Overlord  
  196  12:47  Overlord x3  
Show
View Real Time Build Order
Export as new Build Order

MarineLorD Terran 

Build Orders:  

Get SALT Encoding   

  12  0:00  SCV  
  13  0:12  SCV  
  14  0:18  Supply Depot  
  14  0:24  SCV  
  15  0:40  Barracks  
  15  0:49  Barracks  
  15  0:53  SCV  
  16  1:05  SCV  
  16  1:07  Refinery  
  17  1:17  SCV  
  18  1:26  Marine  
  18  1:30  Orbital Command  
  19  1:35  Supply Depot  
  19  1:36  Marine  
  20  1:44  Marine  
  21  1:54  Bunker  
  21  1:56  Marine  
  21  1:58  SCV  
  23  2:03  Marine  
  24  2:10  SCV  
  24  2:14  Marine  
  25  2:22  SCV  
  26  2:27  Marine  
  26  2:33  Factory  
  26  2:34  SCV  
  27  2:41  Marine  
  28  2:46  SCV  
  28  2:53  Supply Depot  
  28  2:58  SCV  
  28  3:01  Marine  
  30  3:11  SCV  
  31  3:14  Marine  
  31  3:19  Supply Depot  
  33  3:23  SCV  
  33  3:27  Factory Reactor  
  27  3:35  SCV  
  27  3:37  Command Center  
  26  3:44  Starport  
  26  3:47  SCV  
  26  3:59  SCV  
  26  4:03  Liberator, Refinery, Hellion x2  
  30  4:11  SCV  
  31  4:23  SCV  
  35  4:25  Hellion x2  
  39  4:36  SCV  
  40  4:44  Fusion Core  
  40  4:46  Hellion x2  
  40  4:48  Marine  
  40  4:50  SCV, Orbital Command  
  46  5:03  SCV  
  46  5:04  Starport Tech Lab  
  47  5:10  Hellion x2  
  47  5:11  Orbital Command  
  51  5:15  SCV  
  52  5:27  SCV  
  53  5:37  SCV, Command Center  
  53  5:39  SCV  
  53  5:42  Supply Depot  
  56  5:50  SCV  
  56  5:52  SCV  
  56  5:55  Supply Depot  
  57  6:02  SCV  
  54  6:04  SCV  
  54  6:06  Hellion x2  
  47  6:12  Battlecruiser  
  47  6:16  SCV x2  
  55  6:21  Supply Depot  
  55  6:28  SCV x2  
  58  6:37  Refinery  
  58  6:38  Hellion  
  58  6:39  Refinery, Hellion  
  60  6:40  SCV  
  60  6:44  Factory  
  60  6:45  SCV  
  60  6:46  Factory  
  62  6:51  Orbital Command  
  62  6:53  SCV  
  63  7:00  Hellion x2  
  67  7:02  SCV  
  67  7:08  SCV  
  69  7:10  Orbital Command  
  69  7:14  SCV  
  70  7:17  Battlecruiser  
  70  7:20  SCV  
  77  7:26  SCV  
  78  7:30  Hellion x2  
  78  7:32  SCV  
  80  7:38  SCV  
  80  7:44  SCV x2  
  82  7:46  Weapon Refit  
  82  7:47  Factory Tech Lab x2  
  82  7:50  SCV  
  84  7:52  Hellion  
  84  7:53  Hellion  
  84  7:56  SCV x2  
  84  7:57  Supply Depot  
  90  7:59  Supply Depot  
  90  8:00  Refinery x2  
  90  8:02  SCV  
  91  8:06  Siege Tank x2  
  91  8:08  SCV  
  91  8:10  SCV  
  99  8:14  Supply Depot  
  99  8:15  SCV, Supply Depot  
  99  8:19  Supply Depot  
  100  8:20  SCV  
  100  8:22  SCV  
  100  8:26  Battlecruiser  
  108  8:30  SCV  
  108  8:32  SCV, Hellion x2  
  114  8:34  SCV  
  115  8:43  SCV  
  115  8:44  SCV  
  115  8:45  Siege Tank x2  
  123  8:53  Engineering Bay  
  127  8:55  Hellion x2  
  127  8:59  Armory, SCV  
  127  9:00  SCV  
  127  9:01  Armory  
  127  9:03  SCV  
  128  9:12  SCV x2  
  128  9:15  SCV  
  133  9:17  Hellion x2  
  133  9:21  Siege Tank x2  
  133  9:24  SCV x2  
  136  9:27  SCV  
  138  9:35  Factory x2  
  138  9:36  SCV x2  
  140  9:41  Battlecruiser  
  140  9:46  Supply Depot  
  140  9:48  Supply Depot  
  140  9:49  Supply Depot  
  138  9:53  Hellion  
  136  10:01  Missile Turret  
  136  10:02  Terran Vehicle And Ship Armor Level 1, Terran Vehicle Weapons Level 1  
  136  10:03  Missile Turret  
  120  10:23  SCV x2, Siege Tank  
  120  10:24  Siege Tank, Hellbat x3  
  120  10:25  Factory Reactor  
  120  10:26  SCV  
  116  10:35  SCV  
  112  10:40  SCV x2  
  107  10:46  Hellbat x2  
  107  10:47  SCV, Hellbat  
  102  10:52  SCV x2  
  102  10:56  Siege Tank  
  105  11:08  Siege Tank  
  105  11:10  SCV x3  
  111  11:18  Battlecruiser  
  113  11:25  Factory Tech Lab  
  113  11:28  Factory Reactor  
  113  11:30  Factory Tech Lab  
  113  11:34  Siege Tank, Command Center  
  113  11:37  Infernal Pre-Igniter  
  116  11:47  Missile Turret, Siege Tank  
  116  11:51  Siege Tank  
  116  11:53  Hellion  
  124  12:06  Siege Tank  
  113  12:09  SCV  
  113  12:12  Hellbat x2  
  113  12:14  Siege Tank  
  99  12:17  SCV x2  
  99  12:19  Siege Tank  
  99  12:21  SCV  
  105  12:32  SCV x2  
  105  12:33  SCV  
  105  12:35  Starport Tech Lab  
  96  12:44  SCV  
  96  12:45  SCV, Siege Tank  
Tags
 
Add a new tag
Caveats
  • Supply blocks, unpowered buildings, or Contaminate may cause inaccurate times.
  • Supply counts are checked every 10 seconds.